 Dungeon Crawl Stone Soup version 0.31-a0-731-ga75f04deac (webtiles) character file.

Game seed: 4981121451888918940

5602 blinkylib the Cleaver (level 10, -14/90 HPs)
             Began as a Hill Orc Fighter on Sept 12, 2023.
             Was a Priest of Qazlal.
             Killed from afar by an efreet (15 damage)
             ... with a bolt of fire
             ... on level 9 of the Dungeon.
             The game lasted 00:19:35 (7214 turns).

blinkylib the Cleaver (Hill Orc Fighter)            Turns: 7214, Time: 00:19:38

Health: -14/90     AC: 14    Str: 28    XL:     10   Next: 73%
Magic:  10/10      EV: 10    Int: 10    God:    Qazlal [***...]
Gold:   474        SH:  8    Dex: 10    Spells: 9/9 levels left

rFire   . . .        G - +5 war axe
rCold   . . .        c - +0 buckler
rNeg    . . .        m - +0 chain mail
rPois   .            (no helmet)
rElec   .            j - +0 cloak
rCorr   .            i - +0 pair of gloves
SInv    .            D - +0 pair of boots
Will    .....        (no amulet) Stlth
                     g - +6 ring of strength
HPRegen 0.35/turn    k - +4 ring of slaying
MPRegen 0.12/turn

%: no passive effects
@: no status effects
A: no striking features
a: Renounce Religion, Upheaval, Elemental Force


You were on level 9 of the Dungeon.
You worshipped Qazlal.
Qazlal was most pleased with you.
You visited 1 branch of the dungeon, and saw 9 of its levels.

You collected 474 gold pieces.

Inventory:

Hand Weapons
 G - a +5 war axe (weapon)
Missiles
 l - 6 poisoned darts
 K - a boomerang
Armour
 b - a +0 scale mail
 c - a +0 buckler (worn)
 i - a +0 pair of gloves (worn)
 j - a +0 cloak (worn)
 m - a +0 chain mail (worn)
 D - a +0 pair of boots (worn)
Jewellery
 g - a +6 ring of strength (left hand)
 k - a +4 ring of slaying (right hand)
 n - a ring of poison resistance
 v - the ring "Kianiunuy" {Ice MP+9 Dex+4}
   (You found it on level 4 of the Dungeon)

   [ring of ice]

   Ice:       It enhances your ice magic.
   Dex+4:     It affects your dexterity (+4).
   rF-:       It makes you vulnerable to fire.
   rC+:       It protects you from cold.
   MP+9:      It affects your magic capacity (+9).
 x - a ring of ice
Wands
 h - a wand of roots (17)
 q - a wand of flame (20)
 A - a wand of charming (11)
Scrolls
 a - 2 scrolls of identify
 f - 2 scrolls of fear
 p - 3 scrolls of butterflies
 s - a scroll of immolation
 u - a scroll of enchant armour
 w - a scroll of revelation
 y - 3 scrolls of teleportation
 B - 3 scrolls of poison
 C - a scroll of fog {unknown}
 E - a scroll of acquirement {unknown}
 F - a scroll of amnesia {unknown}
Potions
 d - a potion of might
 e - 2 potions of enlightenment
 o - 9 potions of curing
 r - 2 potions of heal wounds
 t - a potion of ambrosia
 z - 2 potions of brilliance
 H - a potion of haste {unknown}
 I - a potion of resistance {unknown}
 J - a potion of berserk rage {unknown}


   Skills:
 * Level 8.4 Fighting
 * Level 13.9 Axes
 * Level 7.8 Armour
 + Level 4.0 Dodging
 + Level 1.1 Stealth
 * Level 6.2 Shields


You had 9 spell levels left.
You didn't know any spells.
Your spell library contained the following spells:

 Spells                   Type           Power      Damage    Failure   Level
 Cigotuvi's Dreadful Rot  Necr/Pois/Air  0%         N/A       95%         2
 Tukima's Dance           Hex            0%         N/A       99%         3
 Cause Fear               Hex            0%         N/A       100%        4
 Dispel Undead            Necr           0%         3d6       100%        4
 Passage of Golubria      Tloc           0%         N/A       100%        4
 Fireball                 Conj/Fire      0%         3d3       100%        5
 Yara's Violent Unravell  Hex/Tmut       0%         3d3       100%        5
 Death Channel            Necr           0%         N/A       100%        6
 Dragon's Call            Summ           0%         N/A       100%        9


Dungeon Overview and Level Annotations

Branches:
Dungeon (9/15)             Temple (0/1) D:6            Lair (0/5) D:8
    Orc: D:9-12

Altars:
Dithmenos
Elyvilon
Fedhas
Gozag
Hepliaklqana
Kikubaaqudgha
Qazlal
Ru
Uskayaw

Shops:
D:3 =   D:7 (


Message History

a +0 dagger; a +0 robe; an orc corpse HP restored.
A gargoyle comes into view. It is wielding a +0 mace.
The gargoyle hits you with a +0 mace.
You slice the gargoyle!!
The gargoyle is almost destroyed.
The gargoyle hurls a stone arrow at you.
The stone arrow hits you!!
You hit the gargoyle but do no damage.
The gargoyle is almost destroyed.
You slash the gargoyle!
You destroy the gargoyle!
Qazlal accepts your kill.
You see here a +0 mace.
You hear a horrible gurgling sound!
You hear an angry buzzing noise.
An efreet comes into view.
It is wielding a +2 scimitar of flaming.
The efreet gestures at you. The bolt of fire hits you!
The bolt of fire misses you.
The bolt of fire hits the efreet.
The efreet completely resists.
The efreet gestures at you. The bolt of fire hits you!
The bolt of fire hits you!!
The bolt of fire hits the efreet.
The efreet completely resists.
You hit the efreet.
The efreet is lightly wounded.
The efreet hits you but does no damage.
A red ugly thing comes into view.
You barely miss the efreet.
The red ugly thing is engulfed in blazing flames.
The efreet gestures at you. The bolt of fire hits you!
The bolt of fire hits you!!
* * * LOW HITPOINT WARNING * * *
The bolt of fire hits the efreet.
The efreet completely resists.
You slice the efreet!!
The efreet is severely wounded.
The red ugly thing is engulfed in blazing flames.
The efreet gestures at you. The bolt of fire hits you.
* * * LOW HITPOINT WARNING * * *
The bolt of fire hits you!
You die...

.... #.# .. ....... ##.#
... ........?..#<.#
................o.#
.....#............#
..................)
...##.........._.
####...............
#R@.##..##.........
#u###)...)..........
###.....)##..#..####
###...##.#)##..##..#
###.†.).....<...o......
###...†.).##......#.#####
#......<............#
#......#.........##.#
#........#####....# ##


You could see a red ugly thing and an efreet.

Vanquished Creatures
  Pikel (D:7)
  Maggie (D:9)
  A gargoyle (D:9)
  Prince Ribbit (D:9)
  A wyvern (D:4)
  Grum (D:9)
  2 wargs (D:8)
  A water moccasin (D:8)
  2 orc warriors (D:8)
  3 ice beasts
  3 black bears
  An ogre (D:4)
  3 wolves (D:8)
  4 bullfrogs
  3 scorpions
  8 wights (D:8)
  11 killer bees (D:8)
  4 howler monkeys
  An electric eel (D:8)
  2 jellies
  2 hounds
  5 orc priests
  A sleepcap (D:6)
  Jessica (D:3)
  7 iguanas
  Ijyb (D:3)
  15 orc wizards
  5 gnolls
  9 adders
  3 shadow imps
  4 white imps
  2 ufetubi (D:8)
  3 dart slugs
  19 orcs
  7 ball pythons
  4 bats
  6 endoplasms
  2 giant cockroaches
  2 goblins (D:3)
  7 hobgoblins
  2 jackals (D:2)
  4 kobolds
  2 quokkas
  6 frilled lizards
  5 rats
178 creatures vanquished.

Notes
Turn   | Place    | Note
-------+----------+-------------------------------------------
     0 | D:1      | blinkylib the Hill Orc Fighter began the quest for the Orb.
     0 | D:1      | Reached XP level 1. HP: 19/19 MP: 1/1
   270 | D:1      | Reached XP level 2. HP: 25/27 MP: 2/2
   579 | D:1      | Reached skill level 3 in Axes
   579 | D:1      | Reached XP level 3. HP: 33/33 MP: 3/3
  1267 | D:2      | Reached XP level 4. HP: 40/40 MP: 4/4
  1514 | D:3      | Noticed Ijyb
  1514 | D:3      | Found an ancient bone altar of Kikubaaqudgha.
  1522 | D:3      | Killed Ijyb
  1523 | D:3      | Reached skill level 4 in Axes
  1575 | D:3      | Reached XP level 5. HP: 47/47 MP: 5/5
  1625 | D:3      | Found a stormy altar of Qazlal.
  1635 | D:3      | Found Gimubo's Jewellery Shop.
  1651 | D:3      | Noticed Jessica
  1652 | D:3      | Became a worshipper of Qazlal Stormbringer
  1673 | D:3      | Killed Jessica
  1674 | D:3      | Reached skill level 5 in Axes
  1999 | D:4      | Noticed an ogre
  2007 | D:4      | Killed an ogre
  2008 | D:4      | Reached XP level 6. HP: 28/53 MP: 6/6
  2089 | D:4      | Reached skill level 6 in Axes
  2091 | D:4      | Found a hazy altar of Hepliaklqana.
  2316 | D:4      | Found a white marble altar of Elyvilon.
  2407 | D:4      | Noticed a black bear
  2412 | D:4      | Killed a black bear
  2413 | D:4      | Reached skill level 1 in Dodging
  2413 | D:4      | Reached XP level 7. HP: 54/60 MP: 7/7
  2481 | D:4      | Noticed a wyvern
  2490 | D:4      | Killed a wyvern
  2491 | D:4      | Reached skill level 5 in Fighting
  2491 | D:4      | Reached skill level 7 in Axes
  2491 | D:4      | Reached skill level 5 in Armour
  2621 | D:4      | Identified the ring "Kianiunuy" {Ice MP+9 Dex+4}
  2859 | D:5      | Entered Level 5 of the Dungeon
  2871 | D:5      | Reached XP level 8. HP: 64/69 MP: 8/8
  2873 | D:5      | Reached skill level 8 in Axes
  2887 | D:4      | Reached * piety under Qazlal
  3337 | D:5      | Found a hide-covered altar of Uskayaw.
  3351 | D:5      | Found an opulent altar of Gozag.
  3402 | D:5      | Found a blossoming altar of Fedhas.
  3695 | D:6      | Reached skill level 9 in Axes
  4151 | D:6      | Found a staircase to the Ecumenical Temple.
  4305 | D:6      | Reached skill level 5 in Shields
  4343 | D:6      | Reached XP level 9. HP: 66/78 MP: 9/9
  4893 | D:6      | Found a shadowy altar of Dithmenos.
  4928 | D:7      | Found Ezuu's Weapon Emporium.
  4955 | D:7      | Reached skill level 10 in Axes
  5168 | D:7      | Noticed Pikel
  5182 | D:7      | Killed Pikel
  5183 | D:7      | Reached skill level 1 in Stealth
  5263 | D:7      | Reached skill level 11 in Axes
  5715 | D:8      | Reached ** piety under Qazlal
  5723 | D:8      | Reached skill level 12 in Axes
  6028 | D:8      | Reached XP level 10. HP: 56/86 MP: 10/10
  6257 | D:8      | Found a staircase to the Lair.
  6819 | D:9      | Found a sacrificial altar of Ru.
  6820 | D:9      | Noticed Grum
  6825 | D:9      | Noticed Maggie
  6859 | D:9      | Noticed Prince Ribbit
  6880 | D:9      | Killed Maggie
  6881 | D:9      | Reached skill level 13 in Axes
  7075 | D:9      | Reached *** piety under Qazlal
  7105 | D:9      | Killed Grum
  7110 | D:9      | Killed Prince Ribbit
  7156 | D:9      | Noticed a gargoyle
  7160 | D:9      | Killed a gargoyle
  7212 | D:9      | Noticed a red ugly thing
  7214 | D:9      | HP: 1/90 [efreet/bolt of fire (4)]
  7214 | D:9      | Killed from afar by an efreet

Illustrated notes

Levels and vault maps discovered:
D:1:      dpeg_arrival_connections, layout_basic, minmay_tetromino_s4
D:2:      layout_loops_cross, dreamdust_princess_bridge,
          roderic_serpentine_path, cheibrodos_gnoll_hut
D:3:      layout_basic, mainiacjoe_overflow_catwalk,
          nicolae_qazlal_scattered_showers, serial_shops, shop, uniq_ijyb,
          uniq_jessica
D:4:      layout_basic, elyvilon_altar_1, kennysheep_mini
D:5:      layout_basic, fedhas_altar_3, nicolae_overflow_squiral,
          eino_tiny_chamber, nicolae_the_louvre
D:6:      layout_layer_cave, general_overflow_altar,
          minmay_temple_entry_statues_fountains
D:7:      layout_basic, serial_shops, nicolae_shop_tiny_waterfront, uniq_pikel
D:8:      layout_loops_ring, erik_lair_orcish_takeover, serial_demonic,
          serial_demonic_b, serial_demonic_a, serial_demonic_e,
          serial_demonic_g, serial_demonic_f, serial_demonic_f,
          fungi_pond_lemuel
D:9:      minmay_the_grid_four_pointed_star_mashed
          [minmay_the_grid_triangle_9x9_impossible_snake,
          minmay_the_grid_triangle_9x9_semitri,
          minmay_the_grid_triangle_9x9_corruption,
          minmay_the_grid_triangle_9x9_flanged_cone,
          minmay_the_grid_prize_inner_circle], layout_rooms,
          overflow_temple_1_default, mainiacjoe_overflow_alcove_4,
          nicolae_sif_muna_little_library, david_orc_4, uniq_maggie,
          uniq_prince_ribbit1, uniq_grum, uniq_erolcha

Skill      XL: |  1  2  3  4  5  6  7  8  9 10 |
---------------+-------------------------------+-----
Fighting       | 4 5 6 7 8 |  8.4
Axes           | 3 4 5 6 7 9 12 13 | 13.9
Armour         | 4 5 6 7 |  7.8
Shields        | 4 5 6 |  6.2
Dodging        | 1 2 3 4 |  4.0
Stealth        | 1 |  1.1

Action                     |  1- 3 |  4- 6 |  7- 9 | 10-12 || total
---------------------------+-------+-------+-------+-------++-------
  Melee: War axe           |    90 |    83 |   221 |   109 ||   503
    Use: Scroll            |     3 |     3 |     9 |       ||    15
 Armour: Scale mail        |    54 |       |       |       ||    54
         Chain mail        |    12 |    54 |   161 |    69 ||   296
  Dodge: Dodged            |    47 |    33 |    70 |    40 ||   190
  Block: Buckler           |    18 |    11 |    59 |    44 ||   132

Table legend: (Time is in decaauts)
 A = Elapsed time spent in this place.
 B = Non-inter-level travel time spent in this place.
 C = Inter-level travel time spent in this place.
 D = Time resting spent in this place.
 E = Time spent auto-exploring this place.
 F = Levels seen in this place.
 G = Mean time per level.
                   A        B        C        D        E       F      G
               +--------+--------+--------+--------+--------+-----+--------+
         Total |   7263 |   6966 |    297 |    475 |   5091 |   9 |  807.0 |
       Dungeon |   7263 |   6966 |    297 |    475 |   5091 |   9 |  807.0 |
               +--------+--------+--------+--------+--------+-----+--------+

Top non-repeatable levels by time:
     D:8: 1486 daAuts
     D:6: 1290 daAuts
     D:4: 894 daAuts
     D:1: 795 daAuts
     D:5: 764 daAuts
     D:2: 738 daAuts
     D:7: 619 daAuts
     D:3: 511 daAuts
     D:9: 163 daAuts
